 Dungeon Crawl Stone Soup version 0.30-a0-1160-g6e42c06551 (webtiles) character file.

Game seed: 17484419735499413138

10670 jasper the Geomancer (level 11, -4/78 HPs)
             Began as a Spriggan Earth Elementalist on Apr 25, 2023.
             Was a Priest of Kikubaaqudgha.
             Slain by a boulder beetle (7 damage)
             ... on level 11 of the Dungeon.
             The game lasted 00:18:14 (11695 turns).

jasper the Geomancer (Spriggan Earth Elementalist) Turns: 11695, Time: 00:18:15

Health: -4/78      AC:  7    Str:  4    XL:     11   Next: 39%
Magic:  4/20       EV: 20    Int: 21    God:    Kikubaaqudgha [***...]
Gold:   637        SH:  0    Dex: 16    Spells: 4/21 levels left

rFire   . . .        k - +3 spear (venom)
rCold   . . .        i - orb {guile}
rNeg    . . .        B - +2 steam dragon scales
rPois   .            (helmet restricted)
rElec   .            (no cloak)
rCorr   .            (gloves unavailable)
SInv    +            (boots unavailable)
Will    .....        (no amulet) Stlth
                     (no ring)
HPRegen 0.33/turn    (no ring)
MPRegen 0.17/turn

%: no passive effects
@: confused, berserking, very quick
A: very small, no large weapons, unfitting armour, see invisible, speed 3
a: Renounce Religion, Unearth Wretches


You were on level 11 of the Dungeon.
You worshipped Kikubaaqudgha.
Kikubaaqudgha was most pleased with you.
You visited 2 branches of the dungeon, and saw 12 of its levels.
You also visited: Sewer.

You collected 637 gold pieces.

Inventory:

Hand Weapons
 e - a +0 dagger of flaming
 k - a +3 spear of venom (weapon)
Missiles
 f - 8 poisoned darts
Armour
 a - a +1 robe
 i - an orb of guile (worn)
 B - +2 steam dragon scales (worn)
Jewellery
 c - an amulet of faith
 x - a ring of fire
Wands
 h - a wand of digging (6)
 q - a wand of polymorph (2)
 v - a wand of roots (2)
 w - a wand of flame (13)
 G - a wand of quicksilver (1)
Scrolls
 n - 3 scrolls of enchant armour
 o - a scroll of teleportation
 p - 2 scrolls of identify
 s - 2 scrolls of fog
 t - 2 scrolls of immolation
 y - a scroll of brand weapon
Potions
 b - a potion of magic
 d - 2 potions of resistance
 g - 4 potions of mutation
 j - a potion of haste
 m - 2 potions of degeneration
 r - 3 potions of berserk rage
 u - a potion of attraction
 A - 2 potions of might
 C - 3 potions of flight
 D - a potion of invisibility {unknown}
 E - 2 potions of brilliance {unknown}


   Skills:
 + Level 3.4 Fighting
 + Level 6.3 Dodging
 - Level 3.0 Stealth
 + Level 5.8 Spellcasting
 - Level 7.0 Conjurations
 * Level 5.5 Necromancy
 - Level 4.2 Translocations
 - Level 1.3 Transmutations
 - Level 11.2 Earth Magic


You had 4 spell levels left.
You knew the following spells:

 Your Spells              Type           Power      Damage    Failure   Level
a - Sandblast             Erth           100%       2d20      1%          1
b - Passwall              Tmut/Erth      26%        N/A       1%          2
c - Stone Arrow           Conj/Erth      88%        3d12      1%          3
d - Blink                 Tloc           48%        N/A       2%          2
e - Animate Dead          Necr           29%        N/A       11%         4
f - Borgnjor's Vile Clut  Necr/Erth      20%        N/A       9%          5

Your spell library contained the following spells:

 Spells                   Type           Power      Damage    Failure   Level
 Necrotise                Necr           100%       1d9       1%          1
 Vampiric Draining        Necr           29%        2d8       3%          3
 Cigotuvi's Dreadful Rot  Necr/Pois/Air  26%        N/A       7%          2
 Petrify                  Tmut/Erth      32%        N/A       8%          4
 Slow                     Hex            24%        N/A       10%         1
 Animate Armour           Summ/Erth      58%        N/A       10%         4
 Manifold Assault         Tloc           24%        N/A       17%         4
 Passage of Golubria      Tloc           24%        N/A       17%         4
 Confusing Touch          Hex            6%         N/A       30%         3
 Tukima's Dance           Hex            6%         N/A       30%         3
 Anguish                  Hex/Necr       8%         N/A       32%         4
 Death Channel            Necr           14%        N/A       85%         6
 Yara's Violent Unravell  Hex/Tmut       4%         3d4       91%         5
 Simulacrum               Ice/Necr       8%         N/A       99%         6
 Storm Form               Tmut/Air       4%         N/A       100%        7
 Lehudib's Crystal Spear  Conj/Erth      22%        10d6      100%        8


Dungeon Overview and Level Annotations

Branches:
Dungeon (11/15)            Temple (1/1) D:6            Lair (0/5) D:9
  Sewer (visited)
    Orc: D:9-12

Altars:
Cheibriados
Dithmenos
Elyvilon
Fedhas
Gozag
Kikubaaqudgha
Makhleb
Nemelex Xobeh
Okawaru
Qazlal
Ru
Sif Muna
Trog
Uskayaw
Vehumet
Wu Jian
Xom
Yredelemnul
Zin

Annotations:
D:9 Harold
D:11 1 transporter


Innate Abilities, Weirdness & Mutations

You are very small and have problems with some larger weapons.
You are too small for most types of armour.
You have supernaturally acute eyesight. (SInv)
You cover ground extremely quickly. (Speed+++)


Message History

You hit the boulder beetle but do no damage.
The boulder beetle is poisoned.
The boulder beetle is severely wounded.
The boulder beetle closely misses you. The boulder beetle bites you!
* * * LOW HITPOINT WARNING * * *
You take 16 damage, and have 8/52 hp.
MASSIVE DAMAGE!!
You feel much better.
The orc wizard hits you with a +2 dagger of holy wrath.
The boulder beetle bites you but does no damage.
You regained 14 hp, and now have 22/52 hp.
You feel better. The orc wizard casts a spell at you.
You are confused.
The boulder beetle bites you.
You regained 5 hp, and now have 27/52 hp.
You bump into the rock wall.
The orc wizard casts a spell at you. The puff of flame hits you.
The boulder beetle closely misses you.
You take 4 damage, and have 23/52 hp.
Okay, then.
You bump into the rock wall.
The orc wizard barely misses you. The boulder beetle misses you.
The orc wizard barely misses you. The orc misses you.
The boulder beetle bites you!!
* * * LOW HITPOINT WARNING * * *
There is a stone staircase leading up, spattered with blood here.
You take 19 damage, and have 4/52 hp.
MASSIVE DAMAGE!!
You bump into the rock wall.
The orc wizard misses you. The orc hits you with a +0 club.
* * * LOW HITPOINT WARNING * * *
The boulder beetle misses you.
You take 2 damage, and have 2/52 hp.
A red film seems to cover your vision as you go berserk!
You feel yourself moving faster!
You feel mighty!
The orc wizard gestures at you while chanting.
The puff of flame misses you. The orc barely misses you.
The boulder beetle bites you!
You die...
Kikubaaqudgha rasps: "You have failed me!
Welcome... death!"

#..............# ##
##.##.#.##.°..÷## .
...........°...#
#.#.###.####.°...#
#.#.###.# #.....# #
....# ##...## #. #..# #
#...# #.##..#oo##.#
#...# #......@....#
#...####
.###.###B########...##..
#.##.......##....
#..........##....
#^....##.......##....
#.#####..#.###.##....
#.##.##..##....
#.#8.8#..##8.©.
#........######


You could see a boulder beetle (poisoned), an orc wizard and an orc.

Vanquished Creatures
  A boulder beetle (D:11)
  A two-headed ogre (D:8)
  An ugly thing (D:8)
  Pikel (D:7)
  An unseen horror (D:11)
  Maggie (D:7)
  A komodo dragon (D:11)
  A hornet (D:7)
  A shadow (D:11)
  Grum (D:10)
  20 yaks
  A steam dragon (D:10)
  An acid dragon (D:8)
  6 orc warriors
  An ice beast (D:8)
  An ogre (D:6)
  3 centaurs
  4 wolves (D:10)
  A phantom (D:4)
  A lemure (D:7)
  4 bullfrogs
  5 scorpions
  14 wights
  8 killer bees
  A howler monkey (D:10)
  2 hounds (D:4)
  3 jellies
  6 orc priests
  A sleepcap (D:5)
  A gnoll bouda (D:8)
  5 iguanas
  Ijyb (D:5)
  14 orc wizards
  9 gnolls
  6 adders
  A shadow imp (D:6)
  2 white imps
  An ufetubus (D:5)
  2 worms
  2 dart slugs
  38 orcs
  11 ball pythons
  10 endoplasms
  11 giant cockroaches
  5 goblins
  6 hobgoblins
  2 jackals (D:5)
  10 quokkas
  3 bats
  11 frilled lizards
  6 kobolds
  4 rats
254 creatures vanquished.

Vanquished Creatures (others)
  2 fungi
  2 plants
4 creatures vanquished.

Grand Total: 258 creatures vanquished

Notes
Turn   | Place    | Note
-------+----------+-------------------------------------------
     0 | D:1      | jasper the Spriggan Earth Elementalist began the quest for
                  | the Orb.
     0 | D:1      | Reached XP level 1. HP: 9/9 MP: 5/5
   258 | D:1      | Reached skill level 3 in Earth Magic
   351 | D:1      | Reached XP level 2. HP: 13/13 MP: 4/6
   354 | D:1      | Learned a level 2 spell: Passwall
   899 | D:1      | Found a faded altar of an unknown god.
  1466 | D:2      | Reached XP level 3. HP: 12/16 MP: 2/8
  1472 | D:2      | Learned a level 3 spell: Stone Arrow
  2031 | D:3      | Reached skill level 4 in Earth Magic
  2105 | D:3      | Found an iron altar of Okawaru.
  2142 | D:3      | Found an opulent altar of Gozag.
  2276 | D:3      | Reached XP level 4. HP: 19/21 MP: 0/9
  2372 | D:3      | Found a glowing drain.
  2411 | Sewer    | Entered a sewer
  2630 | Sewer    | Reached skill level 5 in Earth Magic
  2886 | Sewer    | Reached XP level 5. HP: 24/24 MP: 4/10
  3389 | D:4      | You fall into a shaft and drop 2 floors!
  3515 | D:5      | Entered Level 5 of the Dungeon
  3543 | D:5      | Found a shadowy altar of Dithmenos.
  3543 | D:5      | Found a radiant altar of Vehumet.
  3545 | D:5      | Found a sacrificial altar of Ru.
  3545 | D:5      | Found a glowing silver altar of Zin.
  3633 | D:4      | Reached skill level 6 in Earth Magic
  3633 | D:4      | Reached XP level 6. HP: 26/28 MP: 6/11
  3675 | D:4      | Found a burning altar of Makhleb.
  3797 | D:4      | Reached skill level 7 in Earth Magic
  3993 | D:4      | Reached XP level 7. HP: 32/32 MP: 7/12
  4144 | D:4      | Found a hide-covered altar of Uskayaw.
  4575 | D:5      | Reached skill level 8 in Earth Magic
  4636 | D:5      | Noticed Ijyb
  4643 | D:5      | Killed Ijyb
  5233 | D:6      | Found a snail-covered altar of Cheibriados.
  5339 | D:6      | Reached skill level 9 in Earth Magic
  5339 | D:6      | Reached XP level 8. HP: 36/36 MP: 9/13
  5417 | D:6      | Learned a level 2 spell: Blink
  5453 | D:6      | Reached skill level 1 in Translocations
  5534 | D:6      | Found a staircase to the Ecumenical Temple.
  5569 | Temple   | Entered the Ecumenical Temple
  5623 | Temple   | Became a worshipper of Kikubaaqudgha
  6027 | D:7      | Noticed a hornet
  6033 | D:7      | Killed a hornet
  6173 | D:7      | Noticed Maggie
  6177 | D:7      | Killed Maggie
  6178 | D:7      | Reached skill level 10 in Earth Magic
  6801 | D:7      | Noticed Pikel
  6809 | D:7      | Killed Pikel
  6810 | D:7      | Reached skill level 11 in Earth Magic
  6810 | D:7      | Reached XP level 9. HP: 25/39 MP: 9/14
  7324 | D:7      | Reached skill level 1 in Conjurations
  7421 | D:8      | Noticed a red ugly thing
  7580 | D:9      | Reached * piety under Kikubaaqudgha
  7580 | D:9      | Received a gift from Kikubaaqudgha
  7986 | D:9      | Found a staircase to the Lair.
  8098 | D:9      | Noticed Harold
  8204 | D:8      | Noticed a two-headed ogre
  8205 | D:8      | Reached skill level 5 in Conjurations
  8216 | D:8      | Killed a two-headed ogre
  8217 | D:8      | Reached XP level 10. HP: 25/44 MP: 6/15
  8335 | D:8      | Killed a red ugly thing
  8891 | D:10     | Entered Level 10 of the Dungeon
  8997 | D:10     | Noticed Grum
  9014 | D:10     | Reached ** piety under Kikubaaqudgha
  9015 | D:10     | Reached skill level 1 in Necromancy
  9015 | D:10     | Killed Grum
  9098 | D:10     | Found a sparkling altar of Nemelex Xobeh.
  9202 | D:10     | Reached skill level 1 in Fighting
  9208 | D:10     | Learned a level 4 spell: Animate Dead
 10258 | D:9      | Reached skill level 5 in Dodging
 10326 | D:9      | Reached XP level 11. HP: 51/51 MP: 16/19
 10387 | D:9      | Reached skill level 5 in Spellcasting
 10641 | D:9      | Reached *** piety under Kikubaaqudgha
 10641 | D:9      | Received a gift from Kikubaaqudgha
 10667 | D:10     | Learned a level 5 spell: Borgnjor's Vile Clutch
 10861 | D:11     | Found a transporter.
 10976 | D:11     | Noticed a boulder beetle
 10996 | D:11     | Killed a boulder beetle
 10997 | D:11     | Reached skill level 5 in Necromancy
 11346 | D:11     | Noticed a boulder beetle
 11694 | D:11     | HP: 2/52 [orc/+0 club (2)]
 11695 | D:11     | Slain by a boulder beetle

Illustrated notes

Levels and vault maps discovered:
D:1:      roderic_crop_circles_arrival_small, layout_loops_ring,
          shapermc_ecumenical_altar_mp_urbaneastern
D:2:      layout_basic
D:3:      layout_basic, lemuel_doored_altar, okawaru_altar_gauntlet_db,
          cheibrodos_sewer_entry_bend
D:4:      layout_basic, nicolae_overflow_crystal_walls,
          nicolae_uskayaw_suspiria, grunt_ministairs_15
D:5:      layout_rooms, grunt_temple_overflow_open, uniq_ijyb
D:6:      layout_loops_ring, cheibriados_altar_1, minmay_temple_entry_mist
D:7:      layout_layer_cave, uniq_maggie, uniq_pikel
D:8:      layout_loops_cross
D:9:      layout_cave_pools, mainiacjoe_overflow_alcove_4, dpeg_oklobed_lair,
          enter_bailey_6, uniq_harold
D:10:     layout_basic, nemelex_spade_bored_becter, uniq_grum
D:11:     layout_loops_cross, small_statue_intersection, nicolae_diode_basic
Temple:   nicolae_temple_bog_church

Skill      XL: |  1  2  3  4  5  6  7  8  9 10 11 |
---------------+----------------------------------+-----
Earth Magic    | 3 4 5 6 7 9 11 | 11.2
Translocations | 4 |  4.2
Conjurations   | 5 7 |  7.0
Dodging        | 5 6 |  6.3
Spellcasting   | 4 5 |  5.8
Necromancy     | 4 5 |  5.5
Fighting       | 2 3 |  3.4
Stealth        | |  3.0
Transmutations | |  1.3

Action                     |  1- 3 |  4- 6 |  7- 9 | 10-12 || total
---------------------------+-------+-------+-------+-------++-------
  Melee: Spear             |     5 |     1 |     7 |     9 ||    22
   Cast: Sandblast         |    62 |    95 |   160 |   176 ||   493
         Borgnjor's Vile C |       |       |       |    16 ||    16
  Evoke: Wand              |       |       |    11 |     3 ||    14
    Use: Scroll            |     6 |     3 |    13 |     5 ||    27
         Potion            |       |     1 |     2 |     4 ||     7
 Armour: Robe              |     1 |     4 |     7 |       ||    12
         Steam dragon scal |       |       |     6 |    14 ||    20
  Dodge: Dodged            |    12 |    19 |    57 |    73 ||   161

Table legend: (Time is in decaauts)
 A = Elapsed time spent in this place.
 B = Non-inter-level travel time spent in this place.
 C = Inter-level travel time spent in this place.
 D = Time resting spent in this place.
 E = Time spent auto-exploring this place.
 F = Levels seen in this place.
 G = Mean time per level.
                   A        B        C        D        E       F      G
               +--------+--------+--------+--------+--------+-----+--------+
         Total |   9220 |   8881 |    339 |    781 |   6407 |  13 |  709.2 |
       Dungeon |   8580 |   8252 |    328 |    731 |   5991 |  11 |  780.0 |
        Temple |     50 |     40 |     10 |      0 |     30 |   1 |   50.0 |
         Sewer |    589 |    589 |      0 |     50 |    385 |   1 |  589.0 |
               +--------+--------+--------+--------+--------+-----+--------+

Top non-repeatable levels by time:
    D:10: 1275 daAuts
     D:7: 1161 daAuts
     D:8: 989 daAuts
     D:4: 858 daAuts
     D:1: 827 daAuts
    D:11: 698 daAuts
     D:3: 608 daAuts
   Sewer: 589 daAuts
     D:5: 560 daAuts
     D:2: 539 daAuts
     D:9: 532 daAuts
     D:6: 530 daAuts
  Temple: 50 daAuts
